 Dungeon Crawl Stone Soup version 0.24-a0-235-g3f03afc (webtiles) character file.

Game seed: 10023091507387976005

660 tsujin the Sneak (level 7, -4/45 HPs)
             Began as an Octopode Transmuter on Apr 7, 2019.
             Was a Follower of Wu Jian.
             Slain by a phantom (10 damage)
             ... on level 4 of the Dungeon.
             The game lasted 00:23:17 (5415 turns).

tsujin the Sneak (Octopode Transmuter)              Turns: 5415, Time: 00:23:18

Health: -4/45      AC:  1    Str: 10    XL:     7   Next: 56%
Magic:  10/10      EV: 13    Int: 15    God:    Wu Jian [*.....]
Gold:   130        SH:  5    Dex: 17    Spells: 9/10 levels left

rFire    . . .     SeeInvis .     - Unarmed
rCold    + . .     Gourm    .   d - +0 buckler
rNeg     . . .     Faith    .   (helmet restricted)
rPois    .         Spirit   .   (no amulet)
rElec    .         Reflect  .   l - +3 ring of dexterity
rCorr    .         Harm     .   k - ring of protection from cold
MR       .....                  (no ring)
Stlth    +++++.....             (no ring)
HPRegen  0.15/turn              (no ring)
MPRegen  0.12/turn              (no ring)
                                (no ring)
                                (no ring)

@: no status effects
A: almost no armour, stealthy swim, amphibious, 8 rings, constrict 8, camouflage
1, gelatinous body 1
a: Renounce Religion


You were on level 4 of the Dungeon.
You worshipped Wu Jian.
Wu Jian was aware of your devotion.
You were not hungry.

You visited 1 branch of the dungeon, and saw 5 of its levels.
You also visited: Sewer.

You collected 130 gold pieces.

Inventory:

Missiles
 a - 68 arrows
 b - 2 tomahawks of returning (quivered)
Armour
 d - a +0 buckler (worn)
Jewellery
 f - a cursed ring of protection from magic
 i - an uncursed ring of flight
 k - a ring of protection from cold (right tentacle)
 l - a +3 ring of dexterity (left tentacle)
 p - an uncursed ring of see invisible {unknown}
Wands
 q - a wand of random effects (19)
Scrolls
 g - 3 scrolls of teleportation
 h - a scroll of enchant armour
 o - a scroll of amnesia
 r - a scroll of identify
Potions
 e - 3 potions of flight
 j - a potion of brilliance
Comestibles
 c - 7 rations


   Skills:
 * Level 2.5 Fighting
 - Level 2.0 Dodging
 + Level 7.4 Stealth
 + Level 2.5 Shields
 * Level 5.4 Unarmed Combat
 - Level 2.0 Spellcasting
 - Level 2.0 Transmutations


You had 9 spell levels left.
You knew the following spells:

 Your Spells              Type           Power        Failure   Level  Hunger
a - Beastly Appendage     Tmut           #.....       12%         1    #......

Your spell library contained the following spells:

 Spells                   Type           Power        Failure   Level  Hunger
 Sticks to Snakes         Tmut           #.......     17%         2    ###....
 Spider Form              Tmut/Pois      #.........   45%         3    ###....
 Ice Form                 Ice/Tmut       #.......     86%         4    #####..
 Blade Hands              Tmut           #.........   97%         5    ######.


Dungeon Overview and Level Annotations

Branches:
Dungeon (5/15)             Temple (0/1) D:4

Altars:
Ashenzari
Cheibriados
Fedhas
Gozag
Sif Muna
Trog
Uskayaw
Wu Jian


Innate Abilities, Weirdness & Mutations

You cannot wear most types of armour.
You are very stealthy in the water. (Stealth+)
You are amphibious.
You can wear up to eight rings at the same time.
You can use your tentacles to constrict eight enemies at once.
Your skin changes colour to match your surroundings (Stealth+).
Your rubbery body absorbs attacks. (AC +1, EV +1)


Message History

You take 9 damage, and have 15/45 hp.
The phantom blinks!
You lunge at the phantom.
You tentacle-slap the phantom but do no damage.
The phantom is heavily damaged.
The phantom blinks!
You lunge at the phantom.
You barely miss the phantom. Your squeeze misses the phantom.
The phantom is heavily damaged.
The phantom hits you.
The phantom blinks!
You take 2 damage, and have 15/45 hp.
You tentacle-slap the phantom but do no damage.
The phantom is heavily damaged.
The phantom hits you!
* * * LOW HITPOINT WARNING * * *
You take 10 damage, and have 6/45 hp.
MASSIVE DAMAGE!!
You spin and attack the phantom.
You closely miss the phantom.
The phantom is heavily damaged.
The phantom hits you!
You die...

#..........# #.#......
##........## #....###.
###..........#####........
#....................####.
#...............###### ##.
#............#### ##..
#............## #...
#.......W.....# #.#.
#........@....# ##.#.
#.............###### #..#.
##########..>......###.##.
#.)...####.....##. #.....#
###.####. #.##### #.......
#.# #.#####. ####.#
###.###<.. ##....#
#####.......#.


You could see a phantom (pinned).

Vanquished Creatures
  A sky beast (D:4)
  A scorpion (D:4)
  A howler monkey (D:5)
  A hound (D:4)
  3 orc wizards
  A centaur skeleton (D:2)
  A worker ant (D:4)
  3 big kobold zombies (Sewer)
  2 hound skeletons (D:3)
  8 adders
  2 shadow imps (Sewer)
  3 ufetubi (Sewer)
  3 oozes
  3 adder skeletons
  A worm (D:2)
  6 dart slugs
  8 leopard geckos
  11 orcs
  4 giant cockroaches
  4 goblins
  9 hobgoblins
  A quokka (D:3)
  6 bats
  4 frilled lizards
  A giant cockroach zombie (Sewer)
  A jackal zombie (D:3)
  9 kobolds
  A kobold zombie (Sewer)
  A leopard gecko skeleton (D:3)
  A leopard gecko zombie (D:2)
  A quokka zombie (D:3)
  9 rats
111 creatures vanquished.

Vanquished Creatures (others)
  4 toadstools (D:5)
4 creatures vanquished.

Grand Total: 115 creatures vanquished

Notes
Turn   | Place    | Note
-------+----------+-------------------------------------------
     0 | D:1      | tsujin the Octopode Transmuter began the quest for the Orb.
     0 | D:1      | Reached XP level 1. HP: 13/13 MP: 3/3
    70 | D:1      | Reached skill level 1 in Stealth
   117 | D:1      | Reached XP level 2. HP: 13/18 MP: 5/5
   181 | D:1      | Reached skill level 2 in Stealth
   723 | D:1      | Reached XP level 3. HP: 23/23 MP: 6/6
   834 | D:2      | Found a hide-covered altar of Uskayaw.
   834 | D:2      | Noticed a +0 dagger
   836 | D:2      | Noticed a +0 hand axe
   848 | D:2      | Reached skill level 3 in Stealth
   857 | D:2      | Found a faded altar of an unknown god.
  1140 | D:2      | Found a shattered altar of Ashenzari.
  1212 | D:2      | Reached XP level 4. HP: 28/28 MP: 7/7
  1229 | D:2      | Reached skill level 4 in Stealth
  2395 | D:3      | Found a glowing drain.
  2401 | D:3      | Reached skill level 5 in Stealth
  2412 | Sewer    | Entered a sewer
  2415 | Sewer    | Reached XP level 5. HP: 30/33 MP: 6/8
  2789 | Sewer    | Reached skill level 1 in Shields
  2843 | Sewer    | Reached skill level 6 in Stealth
  3054 | Sewer    | Found an ancient bone altar of Kikubaaqudgha.
  3132 | D:3      | Reached XP level 6. HP: 35/38 MP: 7/9
  3179 | D:3      | Found an ornate altar of the Wu Jian Council.
  3193 | D:3      | Became a worshipper of the Wu Jian Council
  3503 | D:3      | Found a snail-covered altar of Cheibriados.
  3621 | D:3      | Found a deep blue altar of Sif Muna.
  3621 | D:3      | Found a bloodstained altar of Trog.
  3622 | D:3      | Found an opulent altar of Gozag.
  3961 | D:4      | Reached skill level 7 in Stealth
  4139 | D:4      | Noticed a sky beast
  4154 | D:4      | Killed a sky beast
  4154 | D:4      | Reached skill level 5 in Unarmed Combat
  4154 | D:4      | Reached XP level 7. HP: 39/44 MP: 10/10
  4182 | D:4      | Found a blossoming altar of Fedhas.
  4230 | D:4      | Reached * piety under Wu Jian
  4250 | D:4      | Found a staircase to the Ecumenical Temple.
  4810 | D:5      | Entered Level 5 of the Dungeon
  5415 | D:4      | Slain by a phantom

Levels and vault maps discovered:
D:1:      saegor_arrival_simple_a, layout_loops_corners
D:2:      lemuel_upstairs_altar, layout_basic, dancing_weapons_uskayaw,
          ashenzari_conservatory_becter, chequers_ecumenical_altar_simple,
          first_ration
D:3:      layout_loops_cross, marbit_many_paths, overflow_temple_1_default,
          chequers_temple_overflow_statue_of_worship, serial_undead,
          serial_undead_e, serial_undead_c, serial_undead_d, serial_undead_f,
          serial_undead_d, serial_undead_d, portal_sewer_entry_f,
          corexii_leaking_fountain
D:4:      layout_rooms, fedhas_altar_fruit_tree,
          minmay_temple_entry_stoned_glass, serial_bayou_ford_a
D:5:      layout_rooms, minmay_gold_behind_fungi
Sewer:    kennysheep_sewer_church

Skill      XL: |  1  2  3  4  5  6  7 |
---------------+----------------------+-----
Stealth        | 1 2 3 5 6 7 |  7.4
Unarmed Combat | 4 5 |  5.4
Shields        | 1 2 |  2.5
Fighting       | 2 |  2.5
Dodging        | |  2.0
Spellcasting   | |  2.0
Transmutations | |  2.0

Action                   |  1- 3 |  4- 6 |  7- 9 || total
-------------------------+-------+-------+-------++-------
Melee: Unarmed           |    62 |   175 |    61 ||   298
       Constrict         |    13 |    50 |     7 ||    70
       Tentacles         |     9 |    30 |     8 ||    47
       Kick              |     1 |    37 |     8 ||    46
       Punch             |       |     3 |       ||     3
 Cast: Beastly Appendage |     3 |    24 |     6 ||    33
Invok: Lunge             |       |    18 |     7 ||    25
       Whirlwind         |       |       |     9 ||     9
  Use: Scroll            |     3 |    11 |       ||    14
       Potion            |     2 |     1 |     1 ||     4
 Stab: Sleeping          |    13 |    25 |     2 ||    40
       Distracted        |       |     1 |       ||     1
  Eat: Chunk             |     1 |     6 |     3 ||    10
       Ration            |       |     1 |     1 ||     2
Armor: Skin              |     3 |     8 |       ||    11
Dodge: Dodged            |    25 |    63 |    27 ||   115
Block: Buckler           |     8 |    31 |     6 ||    45

Table legend:
 A = Non-vault XP
 B = Vault XP
 C = Vault XP percentage of total XP
 D = Non-vault monster count
 E = Vault monster count
 F = Vault count percentage of total count
                 A         B        C        D         E       F
            +---------+---------+-------+---------+---------+-------
      Total |     735 |     209 |  22.1 |      80 |      31 |  27.9
            +---------+---------+-------+---------+---------+-------
        D:1 |      34 |       0 |   0.0 |      21 |       0 |   0.0
        D:2 |     102 |       0 |   0.0 |      20 |       0 |   0.0
        D:3 |     112 |      64 |  36.4 |      22 |      13 |  37.1
        D:4 |     438 |       0 |   0.0 |      16 |       0 |   0.0
        D:5 |      49 |       0 |   0.0 |       1 |       0 |   0.0
      Sewer |       0 |     145 | 100.0 |       0 |      18 | 100.0
            +---------+---------+-------+---------+---------+-------
